 Dungeon Crawl Stone Soup version 0.28-a0-620-g539b0f7ac7 (webtiles) character file.

Game seed: 3516752968178228376

605 bande the Cleaver (level 7, 0/43 HPs)
             Began as a Gargoyle Fighter on Oct 7, 2021.
             Was an Initiate of Okawaru.
             Slain by an orc wizard (4 damage)
             ... on level 4 of the Dungeon.
             The game lasted 00:05:07 (2809 turns).

bande the Cleaver (Gargoyle Fighter)                Turns: 2809, Time: 00:05:07

Health: 0/43       AC: 12    Str: 18    XL:     7   Next: 42%
Magic:  6/8        EV:  9    Int:  9    God:    Okawaru [......]
Gold:   96         SH: 10    Dex: 10    Spells: 6/6 levels left

rFire   . . .      SeeInvis .   a - +1 war axe
rCold   . . .      Faith    .   c - +1 buckler
rNeg    + + .      Spirit   .   b - +0 scale mail
rPois   ∞          Reflect  +   (no helmet)
rElec   +          Harm     .   (no cloak)
rCorr   +          Rampage  .   (no gloves)
Will    .....                   (no boots)
Stlth   ..........              e - amulet of Pyhil {Reflect rN+ rCorr Str-2 SH+5}
HPRegen 0.14/turn               (no ring)
MPRegen 0.11/turn               (no ring)

@: mighty
A: sickness immunity, AC +4, negative energy resistance 1, electricity
resistance, torment resistance 1, petrification resistance
a: Renounce Religion


You were on level 4 of the Dungeon.
You worshipped Okawaru.
Okawaru was noncommittal.
You visited 1 branch of the dungeon, and saw 4 of its levels.

You collected 96 gold pieces.

Inventory:

Hand Weapons
 a - a +1 war axe (weapon)
Armour
 b - a +0 scale mail (worn)
 c - a +1 buckler (worn)
Jewellery
 e - the amulet of Pyhil (around neck) {Reflect rN+ rCorr Str-2 SH+5}
   (You acquired it on level 1 of the Dungeon)

   [amulet of reflection]

   It reflects blocked missile attacks.
   Str:       It affects your strength (-2).
   rN:        It protects you from negative energy.
   rCorr:     It protects you from acid and corrosion.
   SH:        It affects your SH (+5).
 g - a ring of magical power
Potions
 f - a potion of resistance


   Skills:
 + Level 4.0 Fighting
 + Level 12.1 Axes
 + Level 4.5 Armour
 + Level 4.6 Shields
 * Level 1.4 Invocations


You had 6 spell levels left.
You didn't know any spells.
Your spell library contained the following spells:

 Spells                   Type           Power      Damage    Failure   Level
 Magic Dart               Conj           0%         1d3       77%         1
 Searing Ray              Conj           0%         2d4       88%         2
 Fulminant Prism          Conj/Hex       0%         3d6       100%        4


Dungeon Overview and Level Annotations

Branches:
Dungeon (4/15)
 Temple: D:4-7

Altars:
Okawaru
Qazlal
Uskayaw
Xom


Innate Abilities, Weirdness & Mutations

You are immune to sickness and miasma.
Your stone body is resilient. (AC +4)
You are immune to poison.
You resist negative energy. (rN+)
You are resistant to electric shocks. (rElec)
You are resistant to unholy torment.
You are immune to petrification.


Message History

The orc wizard completely misses you.
The orc wizard gestures wildly while chanting.
The orc wizard flickers and vanishes!
Deactivating autopickup; reactivate with Ctrl-A.
You closely miss the orc wizard. You barely miss the orc. You slash something!
Okawaru accepts your kill.
Reactivating autopickup.
You feel a bit more experienced. You block the orc's attack.
The orc wizard completely misses you.
Unknown command.
You barely miss the orc wizard. You hit the orc. You barely miss the orc.
You block the orc's attack.
The orc hits you from afar with a +0 trident.
* * * LOW HITPOINT WARNING * * *
The orc wizard closely misses you. The orc hits you but does no damage.
The orc hits you with a +0 whip.
* * * LOW HITPOINT WARNING * * *
You block the orc's attack.
It was a potion of experience.
You feel more experienced!
Your Axes skill gained 9 levels and is now at level 12!
You have reached level 7!
The orc wizard closely misses you. The orc hits you with a +0 dagger.
* * * LOW HITPOINT WARNING * * *
You block the orc's attack. The orc hits you but does no damage.
You feel very mighty all of a sudden. You block the orc wizard's attack.
The orc closely misses you. You block the orc's attack.
The orc closely misses you.
Unknown command.
You closely miss the orc wizard. You slash the orc!
You kill the orc!
Okawaru accepts your kill.
You hit the orc.
You kill the orc!
Okawaru accepts your kill. You block the orc wizard's attack.
The orc hits you but does no damage.
You slash the orc wizard!
The orc wizard is almost dead.
The orc wizard hits you with a +0 dagger.
You die...

#.# #.##..##..#
####.# #.##......#
.....###..##>##...
#..........##...
#...(......##...
#.?........##...
#...............
#####.........###...
#o)@).##...#..# #...
#.....)o).##...##+#
. #.........##.....
..........#####...
....#.....# ....
....#.....# ... ...
#.....# .. #.....#


You could see an orc wizard and an orc.

Vanquished Creatures
  A phantom (D:4)
  A scorpion (D:2)
  2 orc priests (D:4)
  An orc wizard (D:4)
  3 adders
  3 dart slugs
  4 orcs
  2 endoplasms
  3 giant cockroaches
  8 goblins
  7 hobgoblins
  2 quokkas
  2 ball pythons
  5 bats
  3 frilled lizards
  8 kobolds
  5 rats
60 creatures vanquished.

Notes
Turn   | Place    | Note
-------+----------+-------------------------------------------
     0 | D:1      | bande the Gargoyle Fighter began the quest for the Orb.
     0 | D:1      | Reached XP level 1. HP: 14/14 MP: 1/1
   120 | D:1      | Reached XP level 2. HP: 19/19 MP: 2/2
   121 | D:1      | Found a faded altar of an unknown god.
   139 | D:1      | Found a faded altar of an unknown god.
   473 | D:1      | Reached skill level 2 in Axes
   536 | D:1      | Reached XP level 3. HP: 8/23 MP: 3/3
   738 | D:1      | Identified a scroll of acquirement
   738 | D:1      | Acquired the amulet of Pyhil {Reflect rN+ rCorr Str-2 SH+5}
  1199 | D:2      | Noticed a scorpion
  1219 | D:2      | Killed a scorpion
  1220 | D:2      | Reached skill level 3 in Axes
  1220 | D:2      | Reached XP level 4. HP: 15/29 MP: 4/4
  1923 | D:3      | Reached XP level 5. HP: 29/33 MP: 5/5
  2076 | D:3      | Found a hide-covered altar of Uskayaw.
  2242 | D:3      | Found a stormy altar of Qazlal.
  2374 | D:3      | Found a shimmering altar of Xom.
  2443 | D:4      | Found an iron altar of Okawaru.
  2464 | D:4      | Became a worshipper of Warmaster Okawaru
  2485 | D:4      | Noticed a phantom
  2500 | D:4      | Killed a phantom
  2501 | D:4      | Reached skill level 1 in Invocations
  2501 | D:4      | Reached XP level 6. HP: 29/38 MP: 6/6
  2806 | D:4      | Reached skill level 12 in Axes
  2806 | D:4      | Reached XP level 7. HP: 4/43 MP: 6/8
  2809 | D:4      | Slain by an orc wizard

Illustrated notes

Levels and vault maps discovered:
D:1:      dpeg_arrival_three_same_balls, layout_rooms,
          hellmonk_ecumenical_altar_the_god_not_taken,
          chequers_serial_rivers_room_a
D:2:      layout_basic
D:3:      layout_rooms, general_overflow_altar, mainiacjoe_overflow_swirl
D:4:      layout_basic, kennysheep_mini, amcnicky_altar_gilded

Skill      XL: |  1  2  3  4  5  6 |
---------------+-------------------+-----
Axes           | 2 3 12 | 12.1
Armour         | 4 |  4.5
Shields        | 4 |  4.6
Invocations    | 1 |  1.4
Fighting       | 4 |  4.0

Action                   |  1- 3 |  4- 6 |  7- 9 || total
-------------------------+-------+-------+-------++-------
Melee: War axe           |   117 |    94 |     2 ||   213
  Use: Scroll            |     3 |     5 |       ||     8
       Potion            |       |     2 |     1 ||     3
Armor: Scale mail        |    56 |    39 |     2 ||    97
Dodge: Dodged            |    42 |    32 |     3 ||    77
Block: Buckler           |    54 |    59 |     4 ||   117
       Reflection        |     1 |     1 |       ||     2

Table legend: (Time is in decaauts)
 A = Elapsed time spent in this place.
 B = Non-inter-level travel time spent in this place.
 C = Inter-level travel time spent in this place.
 D = Time resting spent in this place.
 E = Time spent auto-exploring this place.
 F = Levels seen in this place.
 G = Mean time per level.
                   A        B        C        D        E       F      G
               +--------+--------+--------+--------+--------+-----+--------+
         Total |   2887 |   2856 |     31 |    724 |   1597 |   4 |  721.8 |
       Dungeon |   2887 |   2856 |     31 |    724 |   1597 |   4 |  721.8 |
               +--------+--------+--------+--------+--------+-----+--------+

Top non-repeatable levels by time:
     D:2: 989 daAuts
     D:1: 955 daAuts
     D:3: 517 daAuts
     D:4: 425 daAuts
